DSL
DSL CAROLINA CATAMOUNTS @ DSL PITTSBURGH PIRATES
05/06/2042
 
TOP OF THE 1ST
DSL Carolina Catamounts batting - Pitching for DSL Pittsburgh Pirates : RHP José Reyes
Pitching: RHP José Reyes
Batting: RHB Jorge Cruz 0-0: Ball
1-0: Ball
2-0: Foul Ball, location: 2F
2-1: Swinging Strike
2-2: Ball
3-2: Ground out 4-3 (Groundball, 4, EV 101.9 MPH)
Batting: RHB Orlando Barrios 0-0: Ball
1-0: Ball
2-0: Called Strike
2-1: Ball
3-1: Foul Ball, location: 2F
3-2: Foul Ball, location: 9LMF
3-2: Foul Ball, location: 7LDF
3-2: Foul Ball, location: 2F
3-2: Foul Ball, location: 9LSF
3-2: Strikes out looking
Batting: RHB José Alonso 0-0: Ball
1-0: Ball
2-0: Foul Ball, location: 2F
2-1: Ball
3-1: SOLO HOME RUN (Flyball, 8LXD, EV 108.1 MPH), Distance : 440 ft
Batting: SHB Pat Sullivan 0-0: Called Strike
0-1: Ball
1-1: Called Strike
1-2: SINGLE (Line Drive, 6M, EV 94.4 MPH)
Batting: SHB Juan Valadez 0-0: Foul Ball, location: 7LMF
0-1: Ball
1-1: Foul Ball, location: 25F
1-2: Strikes out swinging
Top of the 1st over - 1 run, 2 hits, 0 errors, 1 left on base; DSL Carolina 1 - DSL Pittsburgh 0
BOTTOM OF THE 1ST
DSL Pittsburgh Pirates batting - Pitching for DSL Carolina Catamounts : LHP Sean Sanders
Pitching: LHP Sean Sanders
Batting: RHB Raúl Santos 0-0: Ball
1-0: Ball
2-0: Bunted foul
2-1: Foul Ball, location: 9LMF
2-2: Ground out 5-3 (Groundball, 5, EV 103.8 MPH)
Batting: RHB Charlie Townsley 0-0: Ball
1-0: Called Strike
1-1: Ball
2-1: Fly out, F7 (Flyball, 78D, EV 105.0 MPH)
Batting: LHB Juan Franco 0-0: Ball
1-0: Called Strike
1-1: SINGLE (Groundball, 13, EV 83.1 MPH) (infield hit)
Batting: RHB Mario Robles 0-0: Fielders Choice at 2nd, 5-4 (Groundball, 56, EV 87.5 MPH)
Bottom of the 1st over - 0 runs, 1 hit, 0 errors, 1 left on base; DSL Carolina 1 - DSL Pittsburgh 0
TOP OF THE 2ND
DSL Carolina Catamounts batting - Pitching for DSL Pittsburgh Pirates : RHP José Reyes
Batting: SHB Ángelo Rocha 0-0: Called Strike
0-1: Foul Ball, location: 2F
0-2: Ball
1-2: Fly out, F8 (Flyball, 78M, EV 93.8 MPH)
Batting: RHB Ernesto Cardenas 0-0: Foul Ball, location: 9LMF
0-1: Foul Ball, location: 3FF
0-2: Ball
1-2: Foul Ball, location: 3F
1-2: Ball
2-2: Foul Ball, location: 25F
2-2: Foul Ball, location: 9LSFF
2-2: Ball
3-2: Ground out U3 (Groundball, 3, EV 85.0 MPH)
Batting: LHB Amdre Lancastre 0-0: Ball
1-0: Foul Ball, location: 25F
1-1: Swinging Strike
1-2: Ball
2-2: Ball
3-2: Foul Ball, location: 2F
3-2: Base on Balls
Batting: RHB Manny Ramírez 0-0: Ball
1-0: Called Strike
1-1: Ball
2-1: Swinging Strike
2-2: Ball
3-2: Reached on error, E6 (Groundball, 6M, EV 82.5 MPH)
Amdre Lancastre to third
Batting: RHB Jorge Cruz 0-0: SINGLE (Groundball, 6M, EV 100.6 MPH)
Amdre Lancastre scores
Manny Ramírez to third
Runner from 3rd tries for Home, SAFE, throw by CF to home
Batting: RHB Orlando Barrios 0-0: Swinging Strike
0-1: Ball
1-1: Foul Ball, location: 7LSF
1-2: Foul Ball, location: 7LMF
1-2: Ball
2-2: Strikes out swinging
Top of the 2nd over - 2 runs, 1 hit, 1 error, 1 left on base; DSL Carolina 3 - DSL Pittsburgh 0
BOTTOM OF THE 2ND
DSL Pittsburgh Pirates batting - Pitching for DSL Carolina Catamounts : LHP Sean Sanders
Batting: RHB Tony Féliz 0-0: Foul Ball, location: 3SF
0-1: Called Strike
0-2: Ball
1-2: Strikes out swinging
Batting: RHB Jesús López 0-0: Foul Ball, location: 5F
0-1: Ball
1-1: Ball
2-1: Ball
3-1: Swinging Strike
3-2: Strikes out swinging
Batting: RHB Raúl Palácios 0-0: Foul Ball, location: 2F
0-1: Swinging Strike
0-2: Ball
1-2: Ball
2-2: Ball
3-2: Strikes out looking
Bottom of the 2nd over - 0 runs, 0 hits, 0 errors, 0 left on base; DSL Carolina 3 - DSL Pittsburgh 0
TOP OF THE 3RD
DSL Carolina Catamounts batting - Pitching for DSL Pittsburgh Pirates : RHP José Reyes
Batting: RHB José Alonso 0-0: Called Strike
0-1: Called Strike
0-2: Ball
1-2: Ball
2-2: SOLO HOME RUN (Flyball, 7LD, EV 91.9 MPH), Distance : 345 ft
Batting: SHB Pat Sullivan 0-0: Ball
1-0: Foul Ball, location: 7LDF
1-1: Foul Ball, location: 25F
1-2: Foul Ball, location: 7LDF
1-2: Foul Ball, location: 25F
1-2: Ball
2-2: Ball
3-2: Ground out 4-3 (Groundball, 34, EV 100.6 MPH)
Batting: SHB Juan Valadez 0-0: Ball
1-0: Ball
2-0: Foul Ball, location: 3DF
2-1: Called Strike
2-2: Ball
3-2: Strikes out looking
Batting: SHB Ángelo Rocha 0-0: Ball
1-0: Ball
2-0: Called Strike
2-1: Swinging Strike
2-2: Strikes out swinging
Top of the 3rd over - 1 run, 1 hit, 0 errors, 0 left on base; DSL Carolina 4 - DSL Pittsburgh 0
BOTTOM OF THE 3RD
DSL Pittsburgh Pirates batting - Pitching for DSL Carolina Catamounts : LHP Sean Sanders
Batting: RHB Tony Martínez 0-0: Called Strike
0-1: Ball
1-1: Swinging Strike
1-2: Strikes out swinging
Batting: SHB Wilson Gómez 0-0: Fly out, F4 (Popup, 34S, EV 80.0 MPH)
Batting: RHB Raúl Santos 0-0: Called Strike
0-1: Foul Ball, location: 5FF
0-2: Foul Ball, location: 3FF
0-2: Ball
1-2: Ball
2-2: Foul Ball, location: 3SF
2-2: Strikes out looking
Bottom of the 3rd over - 0 runs, 0 hits, 0 errors, 0 left on base; DSL Carolina 4 - DSL Pittsburgh 0
TOP OF THE 4TH
DSL Carolina Catamounts batting - Pitching for DSL Pittsburgh Pirates : RHP José Reyes
Pitching: RHP Mario Ortíz
Batting: RHB Ernesto Cardenas 0-0: Foul Ball, location: 5FF
0-1: Ball
1-1: Foul Ball, location: 25F
1-2: Strikes out swinging
Batting: LHB Amdre Lancastre 0-0: Ball
1-0: Foul Ball, location: 2F
1-1: Foul Ball, location: 2F
1-2: Strikes out swinging
Batting: RHB Manny Ramírez 0-0: Ball
1-0: Called Strike
1-1: SOLO HOME RUN (Flyball, 7LD, EV 89.4 MPH), Distance : 337 ft
Batting: RHB Jorge Cruz 0-0: Called Strike
0-1: Called Strike
0-2: SINGLE (Line Drive, 8LS, EV 106.9 MPH)
Batting: RHB Orlando Barrios 0-0: Ball
1-0: Fielders Choice at 2nd, 6-4 (Groundball, 6, EV 89.4 MPH)
Top of the 4th over - 1 run, 2 hits, 0 errors, 1 left on base; DSL Carolina 5 - DSL Pittsburgh 0
BOTTOM OF THE 4TH
DSL Pittsburgh Pirates batting - Pitching for DSL Carolina Catamounts : LHP Sean Sanders
Batting: RHB Charlie Townsley 0-0: Foul Ball, location: 5DF
0-1: Swinging Strike
0-2: Ball
1-2: Strikes out looking
Batting: LHB Juan Franco 0-0: Ball
1-0: Foul Ball, location: 2F
1-1: Called Strike
1-2: Ball
2-2: Strikes out looking
Batting: RHB Mario Robles 0-0: Called Strike
0-1: Swinging Strike
0-2: Ball
1-2: SINGLE (Line Drive, 7LS, EV 91.3 MPH)
Batting: RHB Tony Féliz 0-0: Called Strike
0-1: Ball
1-1: Fly out, F8 (Flyball, 8RD, EV 103.8 MPH)
Bottom of the 4th over - 0 runs, 1 hit, 0 errors, 1 left on base; DSL Carolina 5 - DSL Pittsburgh 0
TOP OF THE 5TH
DSL Carolina Catamounts batting - Pitching for DSL Pittsburgh Pirates : RHP Mario Ortíz
Batting: RHB José Alonso 0-0: Ball
1-0: Ball
2-0: Ball
3-0: Base on Balls
Batting: SHB Pat Sullivan 0-0: Ball
1-0: Ball
2-0: Called Strike
2-1: Fielders Choice at 2nd, 3-6 (Groundball, 3, EV 89.4 MPH)
Batting: SHB Juan Valadez 0-0: Ball
1-0: Called Strike
1-1: Ball
2-1: Swinging Strike
2-2: Ball
3-2: Foul Ball, location: 7LMF
3-2: Base on Balls
Pat Sullivan to second
Batting: SHB Ángelo Rocha 0-0: Ball
1-0: Called Strike
1-1: Fly out, F9 (Flyball, 9LM, EV 100.0 MPH)
Batting: RHB Ernesto Cardenas 0-0: Called Strike
0-1: Called Strike
0-2: Strikes out swinging
Top of the 5th over - 0 runs, 0 hits, 0 errors, 2 left on base; DSL Carolina 5 - DSL Pittsburgh 0
BOTTOM OF THE 5TH
DSL Pittsburgh Pirates batting - Pitching for DSL Carolina Catamounts : LHP Sean Sanders
Batting: RHB Jesús López 0-0: Ball
1-0: Ground out U3 (Groundball, 34, EV 101.3 MPH)
Batting: RHB Raúl Palácios 0-0: Called Strike
0-1: Ball
1-1: Swinging Strike
1-2: Strikes out swinging
Batting: RHB Tony Martínez 0-0: Ball
1-0: Called Strike
1-1: Ball
2-1: Fly out, F7 (Flyball, 7D, EV 93.8 MPH)
Bottom of the 5th over - 0 runs, 0 hits, 0 errors, 0 left on base; DSL Carolina 5 - DSL Pittsburgh 0
TOP OF THE 6TH
DSL Carolina Catamounts batting - Pitching for DSL Pittsburgh Pirates : RHP Mario Ortíz
Batting: LHB Amdre Lancastre 0-0: Swinging Strike
0-1: Foul Ball, location: 2F
0-2: Strikes out swinging
Batting: RHB Manny Ramírez 0-0: Called Strike
0-1: Ball
1-1: Foul Ball, location: 5F
1-2: Foul Ball, location: 5FF
1-2: Strikes out looking
Batting: RHB Jorge Cruz 0-0: Ground out 4-3 (Groundball, 4, EV 103.8 MPH)
Top of the 6th over - 0 runs, 0 hits, 0 errors, 0 left on base; DSL Carolina 5 - DSL Pittsburgh 0
BOTTOM OF THE 6TH
DSL Pittsburgh Pirates batting - Pitching for DSL Carolina Catamounts : LHP Sean Sanders
Batting: SHB Wilson Gómez 0-0: Foul Ball, location: 2F
0-1: Ball
1-1: SINGLE (Groundball, 4MD, EV 96.3 MPH)
Batting: RHB Raúl Santos 0-0: SINGLE (Line Drive, 6D, EV 98.1 MPH)
Wilson Gómez to second
Batting: RHB Charlie Townsley 0-0: Swinging Strike
0-1: Foul Ball, location: 2F
0-2: Foul Ball, location: 7LMF
0-2: Ball
1-2: Foul Ball, location: 9LSFF
1-2: Foul Ball, location: 9LMF
1-2: Ball
2-2: Strikes out swinging
Pitching: RHP Gilberto Santana
Batting: LHB Juan Franco 0-0: Swinging Strike
0-1: Ball
1-1: Called Strike
1-2: Ball
2-2: Strikes out swinging
Batting: RHB Mario Robles 0-0: Ball
1-0: 3-RUN HOME RUN (Line Drive, 78XD, EV 111.3 MPH), Distance : 425 ft
Batting: RHB Tony Féliz 0-0: Ground out 5-3 (Groundball, 15, EV 84.4 MPH)
Bottom of the 6th over - 3 runs, 3 hits, 0 errors, 0 left on base; DSL Carolina 5 - DSL Pittsburgh 3
TOP OF THE 7TH
DSL Carolina Catamounts batting - Pitching for DSL Pittsburgh Pirates : RHP Mario Ortíz
Batting: RHB Orlando Barrios 0-0: Called Strike
0-1: Ball
1-1: Ground out 4-3 (Groundball, 4D, EV 105.0 MPH)
Batting: RHB José Alonso 0-0: Called Strike
0-1: Foul Ball, location: 7LSF
0-2: Ball
1-2: Strikes out swinging
Batting: SHB Pat Sullivan 0-0: Ball
1-0: Swinging Strike
1-1: Fly out, F7 (Flyball, 7, EV 86.3 MPH)
Top of the 7th over - 0 runs, 0 hits, 0 errors, 0 left on base; DSL Carolina 5 - DSL Pittsburgh 3
BOTTOM OF THE 7TH
DSL Pittsburgh Pirates batting - Pitching for DSL Carolina Catamounts : RHP Gilberto Santana
Batting: RHB Jesús López 0-0: Ball
1-0: Ball
2-0: Ball
3-0: Base on Balls
Pinch Hitting: RHB Jesús Ramírez 0-0: Called Strike
0-1: Called Strike
0-2: Grounds into double play, 5-4-3 (Groundball, 5, EV 101.9 MPH)
Batting: RHB Tony Martínez 0-0: Foul Ball, location: 9LDF
0-1: Ball
1-1: Ball
2-1: Swinging Strike
2-2: Foul Ball, location: 2F
2-2: TRIPLE (Flyball, 78XD, EV 103.8 MPH)
Batting: SHB Wilson Gómez 0-0: Ball
1-0: Called Strike
1-1: Ground out 5-3 (Groundball, 56, EV 86.3 MPH)
Bottom of the 7th over - 0 runs, 1 hit, 0 errors, 1 left on base; DSL Carolina 5 - DSL Pittsburgh 3
TOP OF THE 8TH
DSL Carolina Catamounts batting - Pitching for DSL Pittsburgh Pirates : RHP Mario Ortíz
Now in LF: Jesús Ramírez
Batting: SHB Juan Valadez 0-0: Fly out, F7 (Flyball, 7D, EV 91.3 MPH)
Batting: SHB Ángelo Rocha 0-0: Ball
1-0: Ground out 3-1 (Groundball, 34S, EV 84.4 MPH)
Batting: RHB Ernesto Cardenas 0-0: Foul Ball, location: 2F
0-1: Foul Ball, location: 9LDF
0-2: Strikes out looking
Top of the 8th over - 0 runs, 0 hits, 0 errors, 0 left on base; DSL Carolina 5 - DSL Pittsburgh 3
BOTTOM OF THE 8TH
DSL Pittsburgh Pirates batting - Pitching for DSL Carolina Catamounts : RHP Gilberto Santana
Batting: RHB Raúl Santos 0-0: Called Strike
0-1: Called Strike
0-2: Fly out, F8 (Flyball, 8RD, EV 102.5 MPH)
Pinch Hitting: SHB Alfredo Luna 0-0: Foul Ball, location: 2F
0-1: Foul Ball, location: 7LDF
0-2: Foul Ball, location: 7LMF
0-2: Ball
1-2: Fly out, F9 (Flyball, 9, EV 98.8 MPH)
Batting: LHB Juan Franco 0-0: Ball
1-0: Swinging Strike
1-1: Swinging Strike
1-2: Ball
2-2: Ball
3-2: Strikes out swinging
Bottom of the 8th over - 0 runs, 0 hits, 0 errors, 0 left on base; DSL Carolina 5 - DSL Pittsburgh 3
TOP OF THE 9TH
DSL Carolina Catamounts batting - Pitching for DSL Pittsburgh Pirates : RHP Mario Ortíz
Pitching: RHP José Ruíz
Now at 3B: Wilson Gómez
Now at SS: Alfredo Luna
Batting: LHB Amdre Lancastre 0-0: Ball
1-0: Ground out 6-3 (Groundball, 6, EV 85.0 MPH)
Batting: RHB Manny Ramírez 0-0: Ball
1-0: Foul Ball, location: 5FF
1-1: DOUBLE (Line Drive, 89D, EV 101.9 MPH)
Batting: RHB Jorge Cruz 0-0: Called Strike
0-1: Ball
1-1: Called Strike
1-2: Strikes out swinging
Batting: LHB Ánibal Juárez 0-0: Ball
1-0: Ball
2-0: Fly out, F7 (Flyball, 7LM, EV 80.6 MPH)
Top of the 9th over - 0 runs, 1 hit, 0 errors, 1 left on base; DSL Carolina 5 - DSL Pittsburgh 3
BOTTOM OF THE 9TH
DSL Pittsburgh Pirates batting - Pitching for DSL Carolina Catamounts : RHP Gilberto Santana
Pitching: RHP Sebastian Kyle
Now at 1B: José Alonso
Now at 2B: Jesús Cuevas
Now at 3B: Sancho Vásquez
Now at SS: Manny Ramírez
Batting: RHB Mario Robles 0-0: Ball
1-0: Ball
2-0: Ball
3-0: Base on Balls
Pinch Hitting: RHB António Ruíz 0-0: Ball
1-0: Called Strike
1-1: Foul Ball, location: 2F
1-2: Strikes out swinging
Batting: RHB Jesús López 0-0: Foul Ball, location: 5F
0-1: Called Strike
0-2: Ground out U3 (Groundball, 34S, EV 70.6 MPH)
Mario Robles to second
Batting: RHB Jesús Ramírez 0-0: Ball
1-0: Foul Ball, location: 2F
1-1: DOUBLE (Line Drive, 9LM, EV 103.1 MPH)
Mario Robles scores
Batting: RHB Tony Martínez 0-0: Called Strike
0-1: Ball
1-1: Foul Ball, location: 25F
1-2: Ball
2-2: Ball
3-2: Strikes out looking
Bottom of the 9th over - 1 run, 1 hit, 0 errors, 1 left on base; DSL Carolina 5 - DSL Pittsburgh 4
Friday, May 3rd , 2024 - OOTP Baseball 24.10 Build 82